 Dungeon Crawl Stone Soup version 0.30-b1-2-g02819fbbbe (webtiles) character file.

Game seed: 10063903917544005802

6 Alarkh the Sneak (level 1, 0/18 HPs)
             Began as a Demonspawn Delver on July 6, 2023.
             Was a Believer of Uskayaw.
             Slain by an ogre
             ... wielding a +0 giant club
              (8 damage)
             ... on level 4 of the Dungeon.
             The game lasted 00:01:05 (347 turns).

Alarkh the Sneak (Demonspawn Delver)                 Turns: 347, Time: 00:01:05

Health: 0/18       AC:  3    Str: 12    XL:     1   Next: 75%
Magic:  1/1        EV: 11    Int: 11    God:    Uskayaw [**....]
Gold:   78         SH:  0    Dex: 14    Spells: 0/0 levels left

rFire   . .          .
                       - Unarmed
rCold   . . .        (no shield)
rNeg    . . .        a - +0 leather armour
rPois   .            (no helmet)
rElec   .            (no cloak)
rCorr   .            (no gloves)
SInv    .            (no boots)
Will    .....        (no amulet)
Stlth   ++           (no ring)
HPRegen 0.23/turn    (no ring)
MPRegen 0.07/turn

%: no passive effects
@: hasted, very quick
A: no striking features
a: Renounce Religion, Stomp, Line Pass


You were on level 4 of the Dungeon.
You worshipped Uskayaw.
Uskayaw was noncommittal.
You visited 2 branches of the dungeon, and saw 3 of its levels.

You collected 78 gold pieces.

Inventory:

Armour
 a - a +0 leather armour (worn)
Wands
 f - a wand of digging (3)
Scrolls
 b - a scroll of fog
 c - a scroll of magic mapping
 g - a scroll of blinking {unknown}
Potions
 d - a potion of heal wounds {unknown}
 i - a potion of brilliance {unknown}
 j - a potion of ambrosia {unknown}


   Skills:
 - Level 3.0 Fighting
 - Level 1.7 Dodging
 - Level 4.5 Stealth
 + Level 2.3 Unarmed Combat


You couldn't memorise any spells.
You didn't know any spells.
Your spell library contained the following spells:

 Spells                   Type           Power      Damage    Failure   Level
 Ensorcelled Hibernation  Hex/Ice        0%         N/A       56%         2
 Spider Form              Tmut/Pois      0%         N/A       80%         3
 Anguish                  Hex/Necr       0%         N/A       99%         4


Dungeon Overview and Level Annotations

Branches:
Dungeon (5/15)             Temple (1/1) D:4

Altars:
Ashenzari
Fedhas
Hepliaklqana
Makhleb
Qazlal
Uskayaw
Yredelemnul


Message History

No target in view!
No target in view!
No target in view!
No target in view!
You now have 66 gold pieces (gained 9).
j - a brown potion You now have 78 gold pieces (gained 12).
A sleepcap comes into view.
A sleepcap is nearby!
You see here a ball python corpse.
Found a stone staircase leading up.
An ogre comes into view. It is wielding a +0 giant club.
You feel yourself speed up. The ogre barely misses you.
Aiming: Iceblast
Press: ? - help, Shift-Dir - straight line, f - ogre
Aim: an ogre, wielding a +0 giant club The mass of ice explodes!
The iceblast engulfs the ogre!!
The ogre is severely wounded.
An ogre is nearby!
Aiming: Iceblast
Press: ? - help, Shift-Dir - straight line, p - ogre The mass of ice explodes!
The iceblast engulfs the ogre!
The ogre is almost dead.
The now-empty wand crumbles to dust.
You can now pass through a line of other dancers.
You hit the ogre but do no damage. Your punch misses the ogre.
The ogre is almost dead.
The ogre barely misses you.
You hit the ogre but do no damage.
The ogre is almost dead.
You hit the ogre but do no damage.
The ogre is almost dead.
The ogre hits you with a +0 giant club!
Ouch! That really hurt!
You closely miss the ogre.
The ogre is almost dead.
You barely miss the ogre.
The ogre is almost dead.
The ogre hits you with a +0 giant club!
You die...

#####.####.##.# #.
##.# #.######. ##.#.#
#........ ###.###.###
####(P.P# #..##
##.##.###.##.##
###.###.###....P#...#
##.#..# ####....>..
#####.#.##..)..P#...#
#...@O...#.#######.##
#.###..#.<.# #.P.P#
##...### #...## #..##
#.### ...# #.# ##.#
#.#### .# #..... .#
######


You could see an ogre.

Vanquished Creatures
  A ball python (D:4)
  An endoplasm (D:4)
  A hobgoblin (D:4)
  A quokka (D:4)
  A kobold (D:4)
5 creatures vanquished.

Notes
Turn   | Place    | Note
-------+----------+-------------------------------------------
     0 | D:5      | Alarkh the Demonspawn Delver began the quest for the Orb.
     0 | D:5      | Reached XP level 1. HP: 18/18 MP: 1/1
    64 | D:5      | Noticed an ice beast
   197 | D:4      | Found a staircase to the Ecumenical Temple.
   205 | Temple   | Entered the Ecumenical Temple
   219 | Temple   | Became a worshipper of Uskayaw the Reveller
   243 | D:4      | Reached * piety under Uskayaw
   295 | D:4      | Noticed a sleepcap
   336 | D:4      | Noticed an ogre
   342 | D:4      | Reached ** piety under Uskayaw
   347 | D:4      | Slain by an ogre

Illustrated notes

Levels and vault maps discovered:
D:4:      minmay_door_path, layout_loops_ring, minitemple,
          minmay_temple_entry_gardened_gates, dreamdust_princess_corridor,
          kennysheep_generic_room_10, uniq_blork_the_orc
D:5:      layout_basic, grunt_temple_overflow_diamond, serial_shops,
          nicolae_shop_bloodbath_and_beyond
Temple:   hellmonk_temple_rainy

Skill      XL: |  1 |
---------------+----+-----
Unarmed Combat | 2 |  2.3
Fighting       | |  3.0
Dodging        | |  1.7
Stealth        | |  4.5

Action                     || total
---------------------------++-------
  Melee: Unarmed           ||    20
  Evoke: Wand              ||     2
    Use: Scroll            ||     1
         Potion            ||     1
   Stab: Sleeping          ||     1
 Armour: Leather armour    ||     1
  Dodge: Dodged            ||    10
